 Dungeon Crawl Stone Soup version 0.27.1-34-g3ba077fa99 (webtiles) character file.

Game seed: 1916443258449508354

47 sankara the Chucker (level 3, -1/33 HPs)
             Began as a Troll Hunter on Jan 18, 2022.
             Slain by a bullfrog (2 damage)
             ... on level 3 of the Dungeon.
             The game lasted 00:04:18 (1782 turns).

sankara the Chucker (Troll Hunter)                  Turns: 1782, Time: 00:04:19

Health: -1/33      AC:  4    Str: 20    XL:     3   Next: 48%
Magic:  2/2        EV:  9    Int:  7    God:
Gold:   102        SH:  0    Dex: 11    Spells: 2/2 levels left

rFire    . . .     SeeInvis .     - Unarmed
rCold    . . .     Faith    .   (no shield)
rNeg     . . .     Spirit   .   b - +0 robe
rPois    .         Reflect  .   (helmet restricted)
rElec    .         Harm     .   (no cloak)
rCorr    .         Rampage  .   (gloves unavailable)
Will     .....                  (boots unavailable)
Stlth    +.........             (no amulet)
HPRegen  1.11/turn              (no ring)
MPRegen  0.08/turn              (no ring)

@: no status effects
A: large, unfitting armour, claws 3, regeneration 1, shaggy fur 1, tough skin 1
a: no special abilities


You were on level 3 of the Dungeon.
You visited 1 branch of the dungeon, and saw 3 of its levels.

You collected 102 gold pieces.

Inventory:

Hand Weapons
 a - a +1 short sword
Missiles
 c - a large rock (quivered)
 d - 2 throwing nets
 i - 14 sling bullets
 k - 43 stones
Armour
 b - a +0 robe (worn)
Jewellery
 q - an amulet of reflection
Scrolls
 j - a scroll of teleportation {unknown}
 l - a scroll of fear {unknown}
 n - a scroll of amnesia {unknown}
Potions
 e - 2 potions of magic
 m - 2 potions of curing {unknown}
 o - a potion of resistance {unknown}
 p - a potion of invisibility {unknown}
 r - 2 potions of flight {unknown}
 s - a potion of haste {unknown}


   Skills:
 - Level 1.5 Fighting
 - Level 3.6 Throwing
 - Level 1.5 Dodging
 - Level 0.3 Stealth
 * Level 3.2 Unarmed Combat


You had 2 spell levels left.
You didn't know any spells.
Your spell library was empty.

Dungeon Overview and Level Annotations

Branches:
Dungeon (3/15)

Altars:

Shops:
D:2 [


Innate Abilities, Weirdness & Mutations

You are too large for most types of armour.
You have claws for hands.
Your natural rate of healing is unusually fast.
You are covered in fur. (AC +1)
You have tough skin. (AC +1)


Message History

The bullfrog hits you.
You scratch the bullfrog but do no damage.
The bullfrog is moderately wounded.
The bullfrog hits you. x2
The bullfrog hits you but does no damage.
Throw: 5 large rocks
Press: ? - help, Q - select action, (/) - cycle Shift-Dir - straight line, f - bullfrog
Aim: a bullfrog (moderately wounded, 47% to hit)
You throw a large rock.
The large rock closely misses the bullfrog.
The large rock misses the adder.
The bullfrog closely misses you. x2; The bullfrog hits you.
Throw: 4 large rocks
Press: ? - help, Q - select action, (/) - cycle Shift-Dir - straight line, f/p - bullfrog
Aim: a bullfrog (moderately wounded, 47% to hit)
You throw a large rock.
The large rock closely misses the bullfrog.
The large rock closely misses the adder.
The bullfrog barely misses you.
The bullfrog hits you but does no damage.
Throw: 3 large rocks
Press: ? - help, Q - select action, (/) - cycle Shift-Dir - straight line, f/p - bullfrog
Aim: a bullfrog (moderately wounded, 47% to hit)
You throw a large rock.
The large rock closely misses the bullfrog.
The large rock completely misses the adder.
The bullfrog hits you. x3
* * * LOW HITPOINT WARNING * * *
Throw: 2 large rocks
Press: ? - help, Q - select action, (/) - cycle Shift-Dir - straight line, f/p - bullfrog
Aim: a bullfrog (moderately wounded, 47% to hit)
You throw a large rock.
The large rock barely misses the bullfrog.
The large rock hits the adder.
The adder is heavily wounded.
The bullfrog hits you but does no damage.
The bullfrog hits you.
* * * LOW HITPOINT WARNING * * *
The bullfrog hits you.
You die...

#.# #.#
#.# #.#
#.# #.#
#.#
#?#####.#
#.@FS..(#
#######.#


You could see a bullfrog and an adder.

Vanquished Creatures
  2 adders (D:2)
  A worm (D:2)
  3 orcs (D:2)
  2 endoplasms
  A giant cockroach (D:2)
  3 hobgoblins
  2 jackals (D:2)
  2 quokkas
  A frilled lizard (D:2)
  2 goblins (D:1)
  2 kobolds (D:2)
  A rat (D:2)
22 creatures vanquished.

Notes
Turn   | Place    | Note
-------+----------+-------------------------------------------
     0 | D:1      | sankara the Troll Hunter began the quest for the Orb.
     0 | D:1      | Reached XP level 1. HP: 19/19 MP: 0/0
   321 | D:1      | Reached skill level 1 in Unarmed Combat
   705 | D:2      | Reached XP level 2. HP: 27/27 MP: 1/1
   983 | D:2      | Reached XP level 3. HP: 33/33 MP: 2/2
  1196 | D:2      | Found Baih's Antique Armour Shoppe.
  1770 | D:3      | Noticed a bullfrog
  1782 | D:3      | HP: 1/33 [bullfrog (6)]
  1782 | D:3      | Slain by a bullfrog

Illustrated notes

Levels and vault maps discovered:
D:1:      lemuel_arrival_tunnels, layout_loops_ring, hex_tiny,
          minmay_misc_feat_x, minmay_misc_feat_roman, minmay_misc_feat_rows
D:2:      layout_basic, serial_shops, shop
D:3:      layout_loops_ring, mainiacjoe_overflow_paths, serial_shops, shop,
          minmay_misc_feat_room, minmay_misc_feat_five,
          minmay_shallow_snake_nest, uniq_robin

Skill      XL: |  1  2  3 |
---------------+----------+-----
Unarmed Combat | 2 3 |  3.2
Fighting       | |  1.5
Throwing       | |  3.6
Dodging        | |  1.5
Stealth        | |  0.3

Action                   || total
-------------------------++-------
Melee: Unarmed           ||    60
       Short sword       ||     5
       Punch             ||     1
Throw: Large rock        ||     4
  Use: Scroll            ||     3
 Stab: Sleeping          ||     1
Armor: Robe              ||    18
Dodge: Dodged            ||    25
